Cogmind - Beta 16 --- EXPLORER MODE // 2025.12.10 @ 18:57:58 Player: K.K.Y. Result: Core destroyed Performance ------------- Evolutions (5) 2500 Regions Visited (11) 2200 Robots Destroyed (79) 395 Value Destroyed (3356) 3356 Prototype IDs (24) 480 Alien Tech Used (0) 0 Bonus (1607) 1607 TOTAL SCORE: 10538 Bonus ------- Follower Combat Kills 1307 Met Data Miner 300 Cogmind --------- Core Integrity 0/1000 Matter 234/300 Energy 321/325 System Corruption 11% Temperature Critical (592) Movement Walking (610) Ox7 Location -5/Factory Parts ------- > --- POWER (2) -------- Antimatter Reactor > --- PROPULSION (5) --- Carbon-fiber Leg > --- UTILITY (9) ------ Huge Storage Unit > --- WEAPON (2) ------- Variable Charge Gun Variable Charge Gun > --- INVENTORY (25) --- Armored Huge Wheel Machine Analyzer Improved Reaction Control System Improved Corruption Screen Amulet of Y3-NDR High-powered Shock Rifle Heavy Phase Cannon High-powered Shotgun High-powered Shotgun Gauss Rifle Gauss Rifle Linear Accelerator Advanced Datajack Improved Remote Datajack Improved Plasma Cutter Chainsword Peak State ------------ > --- POWER ------------ Neutrino Core Light Antimatter Reactor > --- PROPULSION ------- Flexi-carbon Leg Armored Leg Armored Leg Armored Leg Armored Leg Arachnoskeleton > --- UTILITY ---------- Advanced Heat Sink Huge Storage Unit Advanced Weight Redist. System Advanced Sensor Array Advanced Signal Interpreter Makeshift Hacking Suite Advanced System Shield Dynamic Insulation System Amulet of Y3-NDR > --- WEAPON ----------- Ion Burst Cannon KE Penetrator > --- INVENTORY -------- Armored Huge Wheel Advanced Heat Sink Machine Analyzer Improved Reaction Control System Makeshift Cloaking Device Hardened Heavy Armor Plating Improved Corruption Screen Advanced Drone Bay High-powered Shock Rifle Plasma Rifle Wave Gun High-powered Shotgun High-powered Shotgun Gauss Rifle Gauss Rifle Magnetic Acceleration Cannon Magnetic Acceleration Cannon Mass Driver Advanced Datajack Improved Plasma Cutter Chainsword Power Sword [Rating: 124] Favorites ----------- Power Neutrino Core Engine Ion Engine Power Core Neutrino Core Reactor Light Antimatter Reactor Propulsion Armored Leg Leg Armored Leg Wheel Wheel Hover Unit Airjet Flight Unit Flight Unit Utility Advanced Signal Interpreter Device Advanced Heat Sink Storage Huge Storage Unit Processor Advanced Signal Interpreter Hackware Makeshift Hacking Suite Protection Improved Heavy Armor Plating Weapon Ion Burst Cannon Energy Gun Makeshift Laser Energy Cannon Ion Burst Cannon Ballistic Gun KE Penetrator Ballistic Cannon Heavy Flak Cannon Special Weapon Mining Laser Impact Weapon Heavy Flail Slashing Weapon Power Sword Piercing Weapon Makeshift Spear Build | -11 -10 -10 -10 -8 -8 -6 -6 -6 -6 -5 -5 ------- Run | Yrd Mat Min Sub Rec Scr Fac Low Low Dat Pro Fac Slots Evolved 11 | . 1 . . . . 8 . . . . 2 Power 1 | . . . . . . 1 . . . . . Propulsion 3 | . 1 . . . . 1 . . . . 1 Utility 7 | . . . . . . 6 . . . . 1 Weapon . | . . . . . . . . . . . . Parts Attached 96 | 4 11 2 8 6 7 17 6 7 . 4 24 Power 9 | . 1 . 1 . . 1 2 1 . 1 2 Engine 2 | . 1 . 1 . . . . . . . . Core 5 | . . . . . . 1 2 1 . . 1 Reactor 2 | . . . . . . . . . . 1 1 Propulsion 30 | 2 5 . 4 4 1 5 . 2 . . 7 Treads . | . . . . . . . . . . . . Leg 14 | . . . . . . 5 . 2 . . 7 Wheel 3 | 2 1 . . . . . . . . . . Hover 5 | . 1 . . 3 1 . . . . . . Flight 8 | . 3 . 4 1 . . . . . . . Utility 34 | . 3 1 1 1 3 9 3 2 . 3 8 Device 23 | . 2 1 1 1 2 4 3 2 . 2 5 Storage 2 | . 1 . . . . 1 . . . . . Processor 1 | . . . . . 1 . . . . . . Hackware 5 | . . . . . . 3 . . . . 2 Protection 3 | . . . . . . 1 . . . 1 1 Artifact . | . . . . . . . . . . . . Weapon 23 | 2 2 1 2 1 3 2 1 2 . . 7 Energy Gun 4 | 1 . . 1 . . . . . . . 2 Energy Cannon 5 | . 1 . 1 . . 1 . 1 . . 1 Ballistic Gun 3 | 1 . . . . . . . 1 . . 1 Ballistic Cannon 6 | . . . . 1 1 1 1 . . . 2 Launcher . | . . . . . . . . . . . . Special Weapon 1 | . 1 . . . . . . . . . . Impact Weapon 2 | . . . . . 2 . . . . . . Slashing Weapon 1 | . . . . . . . . . . . 1 Piercing Weapon 1 | . . 1 . . . . . . . . . Special Melee Weapon . | . . . . . . . . . . . . Unidentified Prototypes 5 | . . . 1 . . 2 . 1 . . 1 Parts Lost 36 | . . . 2 3 . 2 2 1 . 1 25 Power 4 | . . . . 1 . . 1 . . . 2 Propulsion 11 | . . . 1 2 . 2 . . . . 6 Utility 15 | . . . 1 . . . 1 . . 1 12 Weapon 6 | . . . . . . . . 1 . . 5 Highest Loss Streak 11 | . . . 1 1 . 2 2 1 . 1 11 To Critical Strikes 1 | . . . . . . . . . . . 1 Average Backups 14 | 3 4 5 5 4 5 6 21 22 23 22 20 Power . | . . . . . . . 1 . . . . Propulsion 1 | . 1 1 1 . 1 1 3 1 1 1 1 Utility 4 | 2 2 2 2 2 2 2 5 6 7 7 5 Weapon 7 | 1 1 2 2 1 2 2 10 13 14 13 11 Tool/Special . | . . . . . . . . . . . . Unused Backups 30 | . . . 1 . 1 2 . 6 . 2 18 Power 1 | . . . . . . . . 1 . . . Propulsion 4 | . . . . . . . . 3 . . 1 Utility 6 | . . . 1 . . . . 1 . 1 3 Weapon 15 | . . . . . 1 2 . 1 . 1 10 Tool/Special 4 | . . . . . . . . . . . 4 Average Slot Usage (%) 83 | . 90 100 91 88 86 68 82 88 89 88 68 Engine 3 | . 8 12 12 7 . . . . . . . Core 4 | . . . . . . 4 8 10 10 5 3 Leg 14 | . . . . . . 15 26 26 26 26 19 Hover 4 | . . . . 15 37 2 . . . . . Flight 7 | . 11 37 29 15 . . . . . . . Device 20 | . 21 25 24 25 13 14 15 23 26 25 18 Storage 2 | . . . . . . 1 5 5 5 5 4 Processor 3 | . . . . . 10 5 5 5 5 5 3 Hackware 4 | . . . . . . 8 10 7 5 5 5 Energy Gun 2 | . 12 5 5 7 . . . . . . . Energy Cannon 4 | . 3 12 6 . . 1 5 5 5 5 3 Ballistic Gun 1 | . 6 . . . . . . 2 5 5 3 Ballistic Cannon 3 | . . . . 4 12 5 5 2 . . 1 Piercing Weapon 3 | . . 6 11 12 7 . . . . . . Peak Build Rating 124 | 4 10 13 19 27 26 95 103 112 112 114 124 Average Rating 66 | 2 9 10 14 21 25 71 98 107 112 112 88 On Entrance 52 | . 4 10 11 19 24 25 95 103 112 112 113 Avg Prop Armor Cover (%) 9 | . . . . 11 . 4 13 . . . . Naked Turns . | . . . . . . . . . . . . Heaviest Build 130 | 3 43 12 12 12 10 118 118 127 125 130 127 Greatest Support 143 | 20 30 12 12 34 25 114 123 127 127 127 143 Greatest Overweight (x) 7 | . 3 . 1 3 . 2 2 . . 1 7 Average Overweight (x) . | . . . . . . . . . . . . Largest Inventory Capacity 25 | 5 20 5 5 5 5 25 25 25 25 25 25 Average Capacity 16 | 5 5 5 5 5 5 11 25 25 25 25 25 Most Carried 25 | 5 6 5 5 5 5 14 25 25 25 25 25 Average Carried 15 | 3 4 5 5 4 4 6 21 23 25 24 23 Final Capacity 25 | 5 5 5 5 5 5 25 25 25 25 25 25 Final Carried 25 | 5 5 5 5 5 5 13 25 25 25 25 17 Class Distribution -------------------- 87% | Hacker-Mutant 10% | Commander-Mutant Dominant Class ---------------- Hacker-Mutant | -10/Materials Hacker-Mutant | -10/Mines Hacker-Mutant | -10/Subcaves Hacker-Mutant | -8/Recycling Commander-Mutant | -8/Scraptown Hacker-Mutant | -6/Factory Hacker-Mutant | -6/Lower Caves Hacker-Mutant | -6/Lower Caves Hacker-Mutant | -6/Data Miner Hacker-Mutant | -5/Proximity Caves Hacker-Mutant | -5/Factory Resources | -11 -10 -10 -10 -8 -8 -6 -6 -6 -6 -5 -5 ----------- Run | Yrd Mat Min Sub Rec Scr Fac Low Low Dat Pro Fac Matter Collected 2443 | 261 59 78 90 272 70 398 366 196 . 75 578 Remotely . | . . . . . . . . . . . . Salvage Created 3165 | 250 112 91 51 322 . 328 637 111 . . 1263 Parts 142 | 16 4 2 . 9 . 18 20 7 . . 66 Haulers Intercepted 1 | . 1 . . . . . . . . . . Recyclers Shooed 3 | . . . . . . . . . . . 3 Parts Field Recycled . | . . . . . . . . . . . . Retrieved Matter . | . . . . . . . . . . . . Parts Self-Destructed . | . . . . . . . . . . . . Prevented . | . . . . . . . . . . . . Parts Restored . | . . . . . . . . . . . . Kills | -11 -10 -10 -10 -8 -8 -6 -6 -6 -6 -5 -5 ------- Run | Yrd Mat Min Sub Rec Scr Fac Low Low Dat Pro Fac Combat Hostiles Destroyed 61 | . 3 2 . 4 . 10 17 3 . . 22 Melee 9 | . . 2 . 1 . . . . . . 6 Guns 11 | . 1 . . 3 . . . . . . 7 Cannons 38 | . 2 . . . . 9 17 3 . . 7 Classes Destroyed 18 | 3 3 . 1 2 . 3 2 1 . . 3 Worker 3 | 2 . . . . . 1 . . . . . Builder 1 | . . . . . . . . . . . 1 Tunneler 7 | 6 . . . . . 1 . . . . . Hauler 1 | . 1 . . . . . . . . . . Recycler 2 | 1 . . . . . . . . . . 1 Mechanic 1 | . . . . . . 1 . . . . . Turret 2 | . . . 2 . . . . . . . . Watcher 1 | . . . . . . 1 . . . . . Swarmer 12 | . 1 . . . . 5 5 . . . 1 Grunt 20 | . 2 2 . . . 3 7 . . . 6 Brawler 1 | . . . . . . . . . . . 1 Sentry 6 | . . . . 3 . . 3 . . . . Demolisher 2 | . . . . 1 . 1 . . . . . Specialist 3 | . . . . . . . . . . . 3 Hunter 8 | . . . . . . . . 2 . . 6 Programmer 7 | . . . . . . 1 . 1 . . 5 Behemoth 1 | . . . . . . . 1 . . . . Mutant 1 | . . . . . . . 1 . . . . Best Kill Streak 6 | 3 3 2 2 2 . 3 6 3 . . 6 Combat Bots Only 6 | . 3 2 . 2 . 3 6 3 . . 6 Max Kills in Single Turn 2 | 1 1 1 1 1 . 1 2 1 . . 1 Gunslinging . | . . . . . . . . . . . . Exploded . | . . . . . . . . . . . . Melee 1 | . . 1 . 1 . . . . . . 1 Uniques/NPCs Destroyed . | . . . . . . . . . . . . Combat | -11 -10 -10 -10 -8 -8 -6 -6 -6 -6 -5 -5 -------- Run | Yrd Mat Min Sub Rec Scr Fac Low Low Dat Pro Fac Hostile Shots Fired 996 | . 24 4 80 16 . 89 300 34 . 4 445 Missed 283 | . 8 1 41 3 . 25 85 9 . 1 110 Hits 713 | . 16 3 39 13 . 64 215 25 . 3 335 Melee 5 | . . . . . . . . . . . 5 Projectile 708 | . 16 3 39 13 . 64 215 25 . 3 330 Critical Strikes 21 | . . . . 1 . 5 6 . . . 9 Damage Taken 7873 | . 109 21 291 193 . 528 2109 300 . 50 4272 Core 1565 | . 34 . 78 86 . 91 210 42 . . 1024 Absorbed by Shields 38 | . . . . . . 38 . . . . . Ignored by Resistances 4402 | . 72 14 165 69 . 355 1273 178 . 28 2248 Core Remaining (%) 59 | 100 . . . . 20 . . . . 59 . Volleys Fired 231 | 24 15 . 22 13 . 37 39 6 . . 75 Largest 2 | 2 2 . 2 1 . 2 2 2 . . 2 Hottest 450 | 70 150 . 150 150 . 140 144 144 . . 450 Shots Fired 359 | 48 30 . 29 13 . 39 77 12 . . 111 Gun 138 | 48 19 . 8 11 . . . . . . 52 Cannon 215 | . 5 . 21 2 . 39 77 12 . . 59 Launcher . | . . . . . . . . . . . . Special 6 | . 6 . . . . . . . . . . Kinetic 176 | 24 4 . . 2 . 37 38 6 . . 65 Thermal 183 | 24 26 . 29 11 . 2 39 6 . . 46 Explosive . | . . . . . . . . . . . . Electromagnetic . | . . . . . . . . . . . . Robot Hit Streak 46 | 40 46 . 10 23 . 29 18 11 . . 29 Robot Miss Streak 5 | 1 1 . 3 . . 3 3 2 . . 5 Penetration Max 1 | . . . . . . . . . . . 1 Secondary Targets . | . . . . . . . . . . . . Shots Hit Robots 318 | 40 23 2 17 21 . 36 58 10 . . 111 Core Hits 153 | 16 6 2 3 6 . 15 48 14 . . 43 Critical Kills 1 | . . . . . . . . . . . 1 Critical Parts Destroyed 2 | . 1 . . . . . . . . . 1 Critical Strikes 17 | 2 2 . . 2 . 2 1 . . . 8 Burn 5 | 2 1 . . 2 . . . . . . . Meltdown 1 | . . . . . . . . . . . 1 Destroy 2 | . 1 . . . . . . . . . 1 Blast 5 | . . . . . . 2 1 . . . 2 Sever 4 | . . . . . . . . . . . 4 Melee Attacks 159 | . . 2 125 8 . 4 . . . . 20 Impact 4 | . . . . . . 4 . . . . . Slashing 20 | . . . . . . . . . . . 20 Piercing 135 | . . 2 125 8 . . . . . . . Sneak Attacks 5 | . . 1 1 2 . 1 . . . . . Combat Hostiles 1 | . . 1 . . . . . . . . . Follow-up Attacks . | . . . . . . . . . . . . Damage Inflicted 9258 | 432 336 75 383 783 . 1154 2166 371 . . 3558 Guns 2072 | 432 175 . . 342 . . . . . . 1123 Cannons 5403 | . 89 . 245 57 . 861 2166 371 . . 1614 Explosions 98 | . . . . . . . . . . . 98 Melee 1584 | . . 75 138 384 . 264 . . . . 723 Ramming 29 | . . . . . . 29 . . . . . Kinetic 3345 | 146 36 . . 57 . 800 666 114 . . 1526 Thermal 4300 | 286 300 . 245 342 . 61 1500 257 . . 1309 Explosive . | . . . . . . . . . . . . Electromagnetic . | . . . . . . . . . . . . Impact 264 | . . . . . . 264 . . . . . Slashing 723 | . . . . . . . . . . . 723 Piercing 597 | . . 75 138 384 . . . . . . . Highest Corruption 11 | . . . . 1 . . 2 2 2 2 11 Average Corruption 2 | . . . . 1 . . 1 2 2 2 7 Corruption Purged 1 | . . . . . . . . . . . 1 Corruption Blocked . | . . . . . . . . . . . . Effects 112 | . . . . 8 . . 38 20 3 18 25 Message Errors 23 | . . . . 1 . . 10 2 2 3 5 Matter Fused 27 | . . . . 3 . . 7 7 . 6 4 Heat Flow Errors 22 | . . . . 3 . . 7 2 1 4 5 Energy Discharges 16 | . . . . 1 . . 7 3 . 3 2 Parts Rejected 1 | . . . . . . . . . . . 1 Parts Fused 1 | . . . . . . . . . . . 1 Data Loss (minor) 10 | . . . . . . . 2 2 . 2 4 Data Loss (major) 5 | . . . . . . . 1 3 . . 1 Alerts 4 | . . . . . . . 3 1 . . . Misdirections 1 | . . . . . . . . . . . 1 Weapon Failures 2 | . . . . . . . 1 . . . 1 Overload Shots 19 | . . . 6 9 . . . . . . 4 Effects 4 | . . . 1 3 . . . . . . . Energy Bleed 2 | . . . 1 1 . . . . . . . Heat Surge 1 | . . . . 1 . . . . . . . Short Circuit 1 | . . . . 1 . . . . . . . Overflow Damage 270 | . 1 . 6 41 . 76 34 . . . 112 Projectiles 123 | . 1 . 6 8 . 3 34 . . . 71 Explosions 41 | . . . . . . . . . . . 41 Melee 106 | . . . . 33 . 73 . . . . . Knockbacks 33 | . . . . . . 9 5 4 . . 15 Impact 1 | . . . . . . 1 . . . . . Kinetic 29 | . . . . . . 7 5 4 . . 13 Secondary 3 | . . . . . . 1 . . . . 2 Self-Inflicted Damage 65 | . . . . . . . . . . . 65 Shots 1 | . . . . . . . . . . . 1 Rammed . | . . . . . . . . . . . . Targets Rammed 1 | . . . . . . 1 . . . . . Kicked 1 | . . . . . . 1 . . . . . Crushed . | . . . . . . . . . . . . Highest Temperature 894 | 40 267 . 222 894 . 13 234 414 159 243 814 Average Temperature 127 | 18 98 . 68 265 . 5 58 170 81 97 144 Received Heat Transfer 3049 | . 18 18 219 81 . 331 999 . . 12 1371 Effects 34 | . 2 . . 23 . . . 2 . . 7 Shutdowns 6 | . . . . 4 . . . 1 . . 1 Energy Bleed 1 | . . . . 1 . . . . . . . Interference 4 | . 2 . . 1 . . . . . . 1 Matter Decay 5 | . . . . 4 . . . . . . 1 Short Circuit 5 | . . . . 4 . . . . . . 1 Damage (minor) 4 | . . . . 2 . . . 1 . . 1 Damage (major) 5 | . . . . 5 . . . . . . . Damage (core) 4 | . . . . 2 . . . . . . 2 Siege Activations . | . . . . . . . . . . . . Martial Activations . | . . . . . . . . . . . . Shielding Activations . | . . . . . . . . . . . . Robots Disrupted . | . . . . . . . . . . . . Combat Hostiles . | . . . . . . . . . . . . Robots Corrupted 2 | . . . . . . 2 . . . . . Combat Hostiles 1 | . . . . . . 1 . . . . . Parts Fried . | . . . . . . . . . . . . Impact Corruptions 5 | . . . . . . 4 . . . . 1 Robots Melted 2 | . . . . . . . . . . . 2 Combat Hostiles 2 | . . . . . . . . . . . 2 Parts Melted 11 | 2 2 . . 1 . . 1 . . . 5 Heat Transferred 6947 | 999 816 . 518 698 . 75 1750 300 . . 1791 Parts Sabotaged . | . . . . . . . . . . . . Parts Stolen . | . . . . . . . . . . . . Parts Stripped . | . . . . . . . . . . . . Power Chain Reactions . | . . . . . . . . . . . . Alert | -11 -10 -10 -10 -8 -8 -6 -6 -6 -6 -5 -5 ------- Run | Yrd Mat Min Sub Rec Scr Fac Low Low Dat Pro Fac Maximum Alert Level . | . . . . . . . . . . . . Low Security (%) 100 | 100 100 100 . 100 . 100 . . . . 100 Level 1 . | . . . . . . . . . . . . Level 2 . | . . . . . . . . . . . . Level 3 . | . . . . . . . . . . . . Level 4 . | . . . . . . . . . . . . Level 5 . | . . . . . . . . . . . . High Security . | . . . . . . . . . . . . Max Security . | . . . . . . . . . . . . Peak Influence 191 | 10 130 65 . 27 . 113 . . . . 191 Initial 5 | . 2 5 . . . . . . . . . Average 28 | 2 36 13 . 1 . 28 . . . . 46 Influence Increases 3202 | 45 186 80 70 114 . 721 345 113 . 237 1291 Destroy 0b10 Robot/C 2040 | . 60 40 40 80 . 420 320 100 . 180 800 Destroy 0b10 Robot/NC 125 | 45 5 . . 15 . 25 . . . . 35 Destroy Leader 382 | . 22 10 . . . 114 10 10 . 30 186 Allied During Kill 216 | . . . . 5 . 113 . 3 . 27 68 Successful Hack 55 | . 4 . . 14 . 12 . . . . 25 Disable Machine 24 | . 4 . . . . 4 . . . . 16 Destroy Structure 120 | . 1 . . . . 3 . . . . 116 Partial Spotted 15 | . 15 . . . . . . . . . . Lose Combat Pursuer 225 | . 75 30 30 . . 30 15 . . . 45 Influence Decreases 3161 | 40 172 64 105 114 . 721 345 113 . 237 1250 Entered New Map 41 | . 3 14 24 . . . . . . . . Time Decay 2556 | 40 169 50 71 114 . 514 325 113 . 237 923 Lost Part 217 | . . . 10 . . . 20 . . . 187 Lost Ally 347 | . . . . . . 207 . . . . 140 Squads Dispatched 23 | . . . . . . 7 . . . . 16 Investigation 8 | . . . . . . 3 . . . . 5 Extermination 6 | . . . . . . 3 . . . . 3 Reinforcement 7 | . . . . . . . . . . . 7 Assault 1 | . . . . . . . . . . . 1 Garrison 1 | . . . . . . 1 . . . . . Intercept . | . . . . . . . . . . . . Searches Triggered . | . . . . . . . . . . . . Data Miner Redirects 5 | . . . . . . . . . . . 5 Construction Impeded 2 | . . . . . . . . . . . 2 Haulers Reinforced 3 | . . . . . . . . . . . 3 Active Scanning Responses . | . . . . . . . . . . . . Cargo Convoy Interrupts 1 | . . . . . . . . . . . 1 Stealth | -11 -10 -10 -10 -8 -8 -6 -6 -6 -6 -5 -5 --------- Run | Yrd Mat Min Sub Rec Scr Fac Low Low Dat Pro Fac Distress Signals 6 | . 1 . . . . 1 . . . . 4 Communications Jammed . | . . . . . . . . . . . . Distress Signals . | . . . . . . . . . . . . Times Spotted 140 | . 13 3 15 4 . 20 20 3 . 6 56 Peak Tracking Total 10 | . 3 2 3 1 . 6 10 3 . 3 7 Tactical Retreats 10 | . 3 1 1 . . 1 1 . . . 3 Traps | -11 -10 -10 -10 -8 -8 -6 -6 -6 -6 -5 -5 ------- Run | Yrd Mat Min Sub Rec Scr Fac Low Low Dat Pro Fac Traps Triggered 7 | . 1 . 1 . . 5 . . . . . Indirectly . | . . . . . . . . . . . . Trap Hack Attempts . | . . . . . . . . . . . . Triggered . | . . . . . . . . . . . . Disarmed . | . . . . . . . . . . . . Reprogrammed . | . . . . . . . . . . . . Reused . | . . . . . . . . . . . . Traps Extracted . | . . . . . . . . . . . . Installed . | . . . . . . . . . . . . Triggered . | . . . . . . . . . . . . Machines | -11 -10 -10 -10 -8 -8 -6 -6 -6 -6 -5 -5 ---------- Run | Yrd Mat Min Sub Rec Scr Fac Low Low Dat Pro Fac Machines Disabled 9 | . 1 . 1 . . 1 2 . . . 4 Max in Single Turn 3 | . 1 . 1 . . . 1 . . . 3 Garrison Access 3 | . . . . . . 1 . . . . 2 Machines Repaired . | . . . . . . . . . . . . Machines Dismantled . | . . . . . . . . . . . . Machines Sabotaged . | . . . . . . . . . . . . Overloaded Fab Kills . | . . . . . . . . . . . . Hacking | -11 -10 -10 -10 -8 -8 -6 -6 -6 -6 -5 -5 --------- Run | Yrd Mat Min Sub Rec Scr Fac Low Low Dat Pro Fac Machines Accessed 35 | . 5 . 1 10 . 5 2 1 4 1 6 Terminals 14 | . 5 . . 6 . 1 1 . . 1 . Fabricators 5 | . . . . . . 2 . . . . 3 Repair Stations . | . . . . . . . . . . . . Recycling Units 6 | . . . . 4 . 1 . . . . 1 Scanalyzers 1 | . . . . . . . . . . . 1 Garrison Access 2 | . . . . . . 1 . . . . 1 Total Hacks 108 | . 13 . 5 20 . 9 8 1 27 1 24 Successful 81 | . 8 . 5 12 . 5 8 1 27 1 14 Failed 27 | . 5 . . 8 . 4 . . . . 10 Catastrophic 2 | . . . . 1 . . . . . . 1 Database Lockouts . | . . . . . . . . . . . . Manual 17 | . 9 . . 8 . . . . . . . Terminals 45 | . 13 . . 16 . 3 7 . . 1 5 Fabricators 15 | . . . . . . 3 . . . . 12 Repair Stations . | . . . . . . . . . . . . Recycling Units 8 | . . . . 4 . 2 . . . . 2 Scanalyzers 4 | . . . . . . . . . . . 4 Garrison Access 2 | . . . . . . 1 . . . . 1 Terminal Hacks 52 | . 4 . 5 3 . 1 8 1 27 1 2 Record 24 | . . . 5 . . . 7 . 11 1 . Part Schematic 13 | . . . . 2 . 1 . . 9 . 1 Robot Schematic 4 | . . . . . . . . . 4 . . Robot Analysis 1 | . 1 . . . . . . . . . . Prototype ID Bank 8 | . 3 . . 1 . . . . 3 . 1 Open Door 2 | . . . . . . . 1 1 . . . Fabricator Hacks 10 | . . . . . . 3 . . . . 7 Network Status 2 | . . . . . . 2 . . . . . Load Schematic 3 | . . . . . . . . . . . 3 Build 5 | . . . . . . 1 . . . . 4 Repair Station Hacks . | . . . . . . . . . . . . Recycling Unit Hacks 5 | . . . . 4 . . . . . . 1 Retrieve Components 5 | . . . . 4 . . . . . . 1 Scanalyzer 3 | . . . . . . . . . . . 3 Insert Component 1 | . . . . . . . . . . . 1 Analyze 1 | . . . . . . . . . . . 1 Retrieve Study 1 | . . . . . . . . . . . 1 Garrison Access Hacks 2 | . . . . . . 1 . . . . 1 Seal Access 2 | . . . . . . 1 . . . . 1 Unauthorized Hacks 9 | . 4 . . 5 . . . . . . . Terminals 9 | . 4 . . 5 . . . . . . . Botnet 9 | . 4 . . 5 . . . . . . . Fabricators . | . . . . . . . . . . . . Repair Stations . | . . . . . . . . . . . . Recycling Units . | . . . . . . . . . . . . Scanalyzers . | . . . . . . . . . . . . Garrison Access . | . . . . . . . . . . . . Data Cores Recovered . | . . . . . . . . . . . . Used . | . . . . . . . . . . . . Hacking Detections 19 | . 3 . . 6 . 3 1 . . . 6 Full Trace Events 11 | . 2 . . 3 . 1 . . . . 5 Feedback Events 1 | . . . . 1 . . . . . . . Corruption 1 | . . . . 1 . . . . . . . Feedback Blocked 1 | . . . . . . . . . . . 1 Robot Schematics Acquired 4 | . . . . . . . . . 4 . . Robots Built 2 | . . . . . . . . . . . 2 Authchips . | . . . . . . . . . . . . Time 168 | . . . . . . . . . . . 168 Total Robot Build Rating 12 | . . . . . . . . . . . 12 Part Schematics Acquired 14 | . . . . 2 . 1 . . 9 . 2 Parts Built 5 | . . . . . . 2 . . . . 3 Authchips . | . . . . . . . . . . . . Time 234 | . . . . . . 117 . . . . 117 Total Part Build Rating 36 | . . . . . . 14 . . . . 22 Part Studies Acquired 1 | . . . . . . . . . . . 1 Parts Repaired . | . . . . . . . . . . . . Time . | . . . . . . . . . . . . Parts Recycled . | . . . . . . . . . . . . Recycled Matter . | . . . . . . . . . . . . Retrieved Matter . | . . . . . . . . . . . . Retrieved Components 4 | . . . . 4 . . . . . . . Parts Scanalyzed 1 | . . . . . . . . . . . 1 Part Schematics Acquired 1 | . . . . . . . . . . . 1 Parts Damaged . | . . . . . . . . . . . . Bothacking | -11 -10 -10 -10 -8 -8 -6 -6 -6 -6 -5 -5 ------------ Run | Yrd Mat Min Sub Rec Scr Fac Low Low Dat Pro Fac Used RIF Installer . | . . . . . . . . . . . . Robots Hacked . | . . . . . . . . . . . . Non-combat . | . . . . . . . . . . . . Combat . | . . . . . . . . . . . . Robot Hacks Applied . | . . . . . . . . . . . . Relay Couplers Released 6 | . . . . . . 3 . . . . 3 Machine Destruction 3 | . . . . . . . . . . . 3 Programmers 3 | . . . . . . 3 . . . . . Fabnet Peak Effective % . | . . . . . . . . . . . . Robots Rewired 8 | . . . . 8 . . . . . . . Allies Hacked . | . . . . . . . . . . . . Hacks Repelled . | . . . . . . . . . . . . Allies | -11 -10 -10 -10 -8 -8 -6 -6 -6 -6 -5 -5 -------- Run | Yrd Mat Min Sub Rec Scr Fac Low Low Dat Pro Fac Total Allies 44 | . . . 14 8 . . . 6 . 4 12 Largest Group 22 | . . . 14 22 22 22 . 4 2 4 6 Highest-Rated Group 404 | . . . 268 387 387 387 . 324 162 324 404 Highest-Rated Ally 81 | . . . 21 27 27 27 . 81 81 81 81 Total Orders . | . . . . . . . . . . . . Ally Attacks 256 | . . . 5 1 . 121 . 4 . 36 89 Total Damage 7110 | . . . 106 21 . 1780 . 68 . 1323 3812 Kills 53 | . . . . 1 . 13 . 2 . 10 27 Allies Corrupted . | . . . . . . . . . . . . Allies Melted . | . . . . . . . . . . . . Intel | -11 -10 -10 -10 -8 -8 -6 -6 -6 -6 -5 -5 ------- Run | Yrd Mat Min Sub Rec Scr Fac Low Low Dat Pro Fac Active Infowar (turns) 10209 | . 358 226 2207 142 93 1042 2340 1579 160 1331 731 Sensors 7252 | . . 109 98 . 93 811 2340 1579 160 1331 731 IFF 231 | . . . . . . 231 . . . . . Terrain 473 | . 356 117 . . . . . . . . . Structural 2933 | . 358 226 2207 142 . . . . . . . Cloaking 297 | . . . . . . . . 297 . . . Robot Analysis Total 1 | . 1 . . . . . . . . . . Derelict Logs Recovered 9 | . . . 2 . 3 . 1 2 . 1 . Drone Launches 2 | . . . . . . . . . . . 2 Drone Recoveries 2 | . . . . . . . . . . . 2 Exploration | -11 -10 -10 -10 -8 -8 -6 -6 -6 -6 -5 -5 ------------- Run | Yrd Mat Min Sub Rec Scr Fac Low Low Dat Pro Fac Turns Passed 13836 | 217 407 226 2207 1173 951 1110 2630 1579 160 1331 1845 Spaces Moved 10800 | 157 434 601 2674 812 736 611 1701 1073 84 1065 852 Core 295 | 51 1 . . 243 . . . . . . . Treads . | . . . . . . . . . . . . Legs 5178 | . . . . . . 403 1701 1073 84 1065 852 Wheels 258 | 106 152 . . . . . . . . . . Hover 1273 | . . . . 329 736 208 . . . . . Flight 3796 | . 281 601 2674 240 . . . . . . . Fastest Speed 34 | 50 34 34 34 34 52 52 114 114 114 114 114 Average Speed 93 | 70 51 34 62 89 52 131 130 114 114 114 146 Slowest Speed 610 | 80 200 34 117 200 52 188 260 114 114 188 610 Overloaded Moves . | . . . . . . . . . . . . Propulsion Burnouts . | . . . . . . . . . . . . Robots Hopped 11 | . . . 1 5 . 5 . . . . . Potential Cave-ins 3 | . . . 3 . . . . . . . . Cave-ins Triggered 1 | . . . . . . . . . . . 1 Exploration Rate (%) 69 | 6 82 98 97 99 53 19 99 89 69 99 24 Regions Visited 11 Branch Regions 8 Pre-discovered Areas 5 | . . 1 2 . 1 . . . 1 . . Known Exits Taken 11 | 1 1 1 1 1 1 1 1 1 1 1 . Unknown Exits Taken . | . . . . . . . . . . . . Scrap Searched 25 | . . . 8 . 3 . 5 5 . 4 . Spaces Dug 28 | . . . 28 . . . . . . . . Terrain Destroyed 59 | . 1 . 28 . . 1 6 . . . 23 Melee 22 | . . . 22 . . . . . . . . Projectile 24 | . 1 . 6 . . 1 6 . . . 10 AOE 13 | . . . . . . . . . . . 13 Terrain Rammed . | . . . . . . . . . . . . Walls Destroyed . | . . . . . . . . . . . . Machines Disabled . | . . . . . . . . . . . . Actions | -11 -10 -10 -10 -8 -8 -6 -6 -6 -6 -5 -5 --------- Run | Yrd Mat Min Sub Rec Scr Fac Low Low Dat Pro Fac Total 13951 | 219 575 618 3048 1237 1304 865 2021 1422 148 1182 1312 Wait 2476 | 27 102 14 210 346 556 177 255 310 65 103 311 Move 10771 | 156 433 600 2671 802 735 603 1700 1072 83 1064 852 Hop 7 | . . . 1 4 . 2 . . . . . Pick Up 75 | 8 6 . 1 5 1 13 16 8 . 4 13 Fast Attach 36 | 1 4 . 2 2 1 16 . 2 . 2 6 Attach 38 | 3 4 . . 5 . 3 5 5 . . 13 Detach 11 | . 2 . . 1 . 1 1 5 . . 1 Swap 37 | . 3 2 9 . 6 2 3 3 . 2 7 Drop 62 | . 6 . 7 5 5 6 2 11 . 7 13 Fire 231 | 24 15 . 22 13 . 37 39 6 . . 75 Melee 159 | . . 2 125 8 . 4 . . . . 20 Ram . | . . . . . . . . . . . . Kick 1 | . . . . . . 1 . . . . . Crush . | . . . . . . . . . . . . Escape Stasis . | . . . . . . . . . . . . Rewire 47 | . . . . 46 . . . . . . 1 Trap . | . . . . . . . . . . . . Miscellaneous . | . . . . . . . . . . . . Route ------- -11/Scrapyard -10/Materials (discovered 3 exits: *Mat x2 / *Min) -10/Mines (discovered 3 exits: *Mat x2 / *Sub) -10/Subcaves (discovered 4 exits: *Mat x2 / *Rec / *Scr) -8/Recycling (discovered 2 exits: *Fac / *Scr) -8/Scraptown -6/Factory (discovered 2 exits: *Low x2) -6/Lower Caves -6/Lower Caves (discovered 2 exits: *Fac / *Dat) -6/Data Miner -5/Proximity Caves -5/Factory (discovered 1 exit: *Fac) History --------- Turn | Location | Event 8 | -11/Scrapyard | Identified exit to Materials 8 | -11/Scrapyard | Discovered exit to Materials (range 15) 218 | -11/Scrapyard | Entered Materials 218 | -10/Materials | Evolved 1 slot: Propulsion x1 309 | -10/Materials | Build established: Hacker-Mutant 391 | -10/Materials | Identified exit to Mines 391 | -10/Materials | Discovered exit to Mines (range 7) 550 | -10/Materials | Identified exit to Materials 550 | -10/Materials | Discovered exit to Materials (range 10) 594 | -10/Materials | Discovered exit to Materials (range 16) 625 | -10/Materials | Entered Mines 630 | -10/Mines | Found a hidden stash of uninstalled traps 643 | -10/Mines | Discovered exit to Materials (range 9) 645 | -10/Mines | Learned location of Storage (-8) 692 | -10/Mines | Found a Scrap Suit stashed away for nefarious purposes 723 | -10/Mines | A weapon hastily lodged in a ceiling crevice suddenly fell to the ground 754 | -10/Mines | Received a Rocket Launcher from a helpful Derelict 777 | -10/Mines | Discovered exit to Materials (range 5) 847 | -10/Mines | Identified exit to Subcaves 847 | -10/Mines | Discovered exit to Subcaves (range 12) 851 | -10/Mines | Entered Subcaves 852 | -10/Subcaves | Approached by a straggling Scientist 853 | -10/Subcaves | Learned location of Mines (-10) 854 | -10/Subcaves | Identified exit to Materials 854 | -10/Subcaves | Discovered exit to Materials (range 13) 866 | -10/Subcaves | Shifting Twisted Machinery released Sub. Laser 939 | -10/Subcaves | Identified exit to Recycling 939 | -10/Subcaves | Discovered exit to Recycling (range 10) 1013 | -10/Subcaves | Visited Clippyterm 1014 | -10/Subcaves | Learned Factory emergency access door positions 1014 | -10/Subcaves | Learned location of Extension (-5) 1017 | -10/Subcaves | Shifting Twisted Machinery released Battle Rifle 1029 | -10/Subcaves | Shifting Twisted Machinery released Sub. Beam Cannon 1061 | -10/Subcaves | Shifting Twisted Machinery released Sub. Optics 1063 | -10/Subcaves | Shifting Twisted Machinery released Sub. Machine Gun 1077 | -10/Subcaves | Discovered exit to Materials (range 7) 1082 | -10/Subcaves | Visited triangular shrine 1084 | -10/Subcaves | Found Prototype Device 1084 | -10/Subcaves | Identified V3-11A's Pendant 1089 | -10/Subcaves | Befriended Subdweller 1091 | -10/Subcaves | A Subdweller sparked back to life 1094 | -10/Subcaves | Befriended Subdweller 1094 | -10/Subcaves | Befriended Subdweller 1101 | -10/Subcaves | A Subdweller sparked back to life 1104 | -10/Subcaves | Befriended Subdweller 1282 | -10/Subcaves | Visited 4L-MR0's lab 1401 | -10/Subcaves | Disturbed a concealed Subdweller 1409 | -10/Subcaves | Befriended Subdweller 1429 | -10/Subcaves | Befriended Subdweller 1434 | -10/Subcaves | Befriended Subdweller 1514 | -10/Subcaves | Befriended Subdweller 1514 | -10/Subcaves | Befriended Subdweller 1514 | -10/Subcaves | Befriended Subdweller 1552 | -10/Subcaves | Ambushed by Subdwellers from Twisted Machinery 1554 | -10/Subcaves | Befriended Subdweller 1554 | -10/Subcaves | Befriended Subdweller 1594 | -10/Subcaves | Shifting Twisted Machinery released Sub. Optics 1652 | -10/Subcaves | A swath of the cavern ceiling suddenly collapsed 1887 | -10/Subcaves | Disturbed a concealed Subdweller 1889 | -10/Subcaves | Befriended Subdweller 2394 | -10/Subcaves | Ambushed by Subdweller buried in earth 2399 | -10/Subcaves | Befriended Subdweller 3058 | -10/Subcaves | Entered Recycling 3058 | -8/Recycling | Accompanied by 14 allies 3059 | -8/Recycling | Joined Warlord attack on 0b10 via Recycling 3208 | -8/Recycling | Core integrity fell below 50% 3282 | -8/Recycling | Identified exit to Factory 3282 | -8/Recycling | Discovered exit to Factory (range 16) 3554 | -8/Recycling | Scanned before Scraplab entrance 3971 | -8/Recycling | Entered Scraplab 3975 | -8/Recycling | Identified exit to Scraptown 3975 | -8/Recycling | Discovered exit to Scraptown (range 3) 4054 | -8/Recycling | Build established: Commander-Mutant 4231 | -8/Recycling | Entered Scraptown 4231 | -8/Scraptown | Accompanied by 22 allies 4231 | -8/Scraptown | System corruption cleaned by C-Scrubber 4307 | -8/Scraptown | Delivered Broken V3-11A's Pendant to T0-NE2 in exchange for information 4404 | -8/Scraptown | Discovered exit to Factory (range 13) 4460 | -8/Scraptown | Scanned Subdweller tech in exchange for log data 4530 | -8/Scraptown | Learned location of 1 exit from Factory 4532 | -8/Scraptown | Learned Factory interactive machine intel 4533 | -8/Scraptown | Learned location of Warlord (-5) 4588 | -8/Scraptown | Visited The Evicted 4592 | -8/Scraptown | Visited Cyclists 4607 | -8/Scraptown | Visited Comm Corps 4624 | -8/Scraptown | Visited Awakened 4631 | -8/Scraptown | Visited Fellowship of the Rings 4654 | -8/Scraptown | Visited SPCMW 5182 | -8/Scraptown | Entered Factory 5182 | -6/Factory | Accompanied by 22 allies 5182 | -6/Factory | Evolved 8 slots: Power x1, Propulsion x1, Utility x6 5183 | -6/Factory | Identified exit to Lower Caves 5185 | -6/Factory | Loaded intel: 53 interactive machine locations 5464 | -6/Factory | Found Prototype Leg 5464 | -6/Factory | Identified Arachnoskeleton 5465 | -6/Factory | Attached Arachnoskeleton, gained temporary slots: Propulsion x3 5715 | -6/Factory | P-60 Hacker assimilated allied SU-FTV(R) 5742 | -6/Factory | Lost 3 allies 5761 | -6/Factory | Build established: Hacker-Mutant 5821 | -6/Factory | Lost 5 allies 5853 | -6/Factory | Fabricated Adv. Datajack (x2) 6041 | -6/Factory | Garrison activated, responded to threat 6187 | -6/Factory | Lost 6 allies 6256 | -6/Factory | Discovered exit to Lower Caves (range 8) 6292 | -6/Factory | Entered Lower Caves 6420 | -6/Lower Caves | Attacked by a delusional Derelict stockpiling parts 6487 | -6/Lower Caves | Spotted B-75 Beast 6990 | -6/Lower Caves | Destroyed B-75 Beast 7046 | -6/Lower Caves | Attracted the attention of an 0b10 checkpoint 7228 | -6/Lower Caves | Attracted the attention of an 0b10 base 7356 | -6/Lower Caves | Learned 8 Research zone layouts 7356 | -6/Lower Caves | Learned Research trap positions 7356 | -6/Lower Caves | Learned Extension stockpile data 7356 | -6/Lower Caves | Learned Armory security intel 7356 | -6/Lower Caves | Learned Research garrison access intel 7885 | -6/Lower Caves | Learned Factory trap positions 8209 | -6/Lower Caves | Identified exit to Lower Caves 8209 | -6/Lower Caves | Discovered exit to Lower Caves (range 9) 8922 | -6/Lower Caves | Entered another Lower Caves area 8947 | -6/Lower Caves | Learned Factory garrison access intel 8953 | -6/Lower Caves | Encountered a Warlord checkpoint 8996 | -6/Lower Caves | Prototype Device suddenly appears! 9007 | -6/Lower Caves | Found Prototype Device 9007 | -6/Lower Caves | Identified Amulet of Y3-NDR 9054 | -6/Lower Caves | Joined by bewildered Wizard 9055 | -6/Lower Caves | Joined by bewildered Wizard 9056 | -6/Lower Caves | Joined by bewildered Wizard 9074 | -6/Lower Caves | Joined by bewildered Wizard 9474 | -6/Lower Caves | Identified exit to Factory 9474 | -6/Lower Caves | Discovered exit to Factory (range 9) 9509 | -6/Lower Caves | Learned 8 Factory zone layouts 9547 | -6/Lower Caves | Ambushed by research squad 9763 | -6/Lower Caves | Joined by bewildered Wizard 9768 | -6/Lower Caves | Joined by bewildered Wizard 10357 | -6/Lower Caves | Entered a destroyed Warlord outpost 10486 | -6/Lower Caves | Identified exit to Data Miner 10486 | -6/Lower Caves | Discovered exit to Data Miner (range 11) 10501 | -6/Lower Caves | Entered Data Miner 10501 | -6/Data Miner | Accompanied by 2 allies 10502 | -6/Data Miner | Identified exit to Proximity Caves 10588 | -6/Data Miner | Met Data Miner 10613 | -6/Data Miner | Learned location of Section 7 (-3) 10613 | -6/Data Miner | Acquired the access code to Warlord's prototype stash 10629 | -6/Data Miner | Received God Mode back door access code from Data Miner 10661 | -6/Data Miner | Entered Proximity Caves 10661 | -5/Proximity Caves | Accompanied by 2 allies 10685 | -5/Proximity Caves | Joined by bewildered Wizard 10686 | -5/Proximity Caves | Joined by bewildered Wizard 10902 | -5/Proximity Caves | Joined by bewildered Wizard 11099 | -5/Proximity Caves | Discovered exit to Factory (range 10) 11531 | -5/Proximity Caves | Spotted B-75 Beast 11584 | -5/Proximity Caves | Joined by bewildered Wizard 11992 | -5/Proximity Caves | Entered Factory 11992 | -5/Factory | Accompanied by 4 allies 11992 | -5/Factory | Evolved 2 slots: Propulsion x1, Utility x1 11994 | -5/Factory | Loaded intel: 116 trap records 11995 | -5/Factory | Loaded intel: 3 garrison access locations 12069 | -5/Factory | Incoming investigation squad redirected 12094 | -5/Factory | Fabricated Adv. System Shield? 12292 | -5/Factory | Joined by bewildered Wizard 12294 | -5/Factory | Joined by bewildered Wizard 12308 | -5/Factory | Lost 3 allies 12325 | -5/Factory | Joined by bewildered Wizard 12664 | -5/Factory | Fabricated Linear Accelerator (x2) 12750 | -5/Factory | Lost 4 allies 12753 | -5/Factory | Joined by bewildered Wizard 12755 | -5/Factory | Joined by bewildered Wizard 12757 | -5/Factory | Joined by bewildered Wizard 12812 | -5/Factory | Identified exit to Factory 12812 | -5/Factory | Discovered exit to Factory (range 12) 12844 | -5/Factory | Joined by bewildered Wizard 12903 | -5/Factory | Joined by bewildered Wizard 12903 | -5/Factory | Joined by bewildered Wizard 12903 | -5/Factory | Joined by bewildered Wizard 12926 | -5/Factory | Lost 3 allies 12929 | -5/Factory | Crushed by falling debris 12960 | -5/Factory | Lost 4 parts (1p1n2u) 13095 | -5/Factory | Incoming investigation squad redirected 13156 | -5/Factory | Fabricated X-72 Disruptor? 13237 | -5/Factory | Incoming investigation squad redirected 13288 | -5/Factory | Cargo convoy interrupted 13307 | -5/Factory | Incoming investigation squad redirected 13322 | -5/Factory | Lost 3 allies 13364 | -5/Factory | Lost 11 parts (1p2n6u2w) 13398 | -5/Factory | System corruption reached 10% 13409 | -5/Factory | Incoming assault squad redirected 13439 | -5/Factory | Lost 4 parts (1n3u) 13494 | -5/Factory | Core integrity fell below 50% 13769 | -5/Factory | Lost 3 parts (2n1w) 13832 | -5/Factory | Core integrity fell below 20% 13838 | -5/Factory | Core destroyed Last Messages --------------- 13802_ Acquired 60 matter. 13805_ K-01 Serf collects debris. 13811_ R-10 Processor collects Welding Torch. 13814_ System corrupted: Component data lost. 13815_ R-10 Processor collects Lgt. Ion Engine. 13817_ R-10 Processor collects Structural Scanner. 13827_ Overheating: Carbon-fiber Leg damaged (-4). 13828_ Overheating: Matter decay (-47). 13829_ Power failure, Antimatter Reactor shutdown. 13829_ Variable Charge Gun broken. 13829_ Overheating: Short circuit. 13830_ Overheating: System interference. 13830_ Variable Charge Gun temporarily disabled. 13830_ A-15 Conveyor heat short circuits Adv. Weight Redist. System. 13831_ System corrupted: Heat flow error (+131). 13832_ Overheating: Core damaged (-180). Map ----- +----------------------------------------------------+ | ???????????????????????????????########### ### | | ??????????????????????????????? "" | | ??????????????????????????????? "T | | ??????????????????????????????? | | ???????????????????????????????########### ### | | ?????????????????????????????????????????#######?? | | ?????????????????????????????????????????????????? | | ?????????????????????????????????????????????????? | | ?????????????????????????????????????????????????? | | ?????????????????????????????????????????????????? | | ???????????????????????????????????????########### | | ???????????????????????????????????????# | | ???????????????????????????????????????# | | ???????????????????????????????????????# " " " " | | ???????????????????????????????????????# " " " " | | ???????????????????????????????????????# " " " " | | ???????????????????????????????????????# " " " " | | ????????????????????????????###????????# " " " " | | ???????????????????????????? #???????# " " " " | | ????????????????????????????# #??????# " " " " | | ?????????????????????????????# ##????# " " " " | | ????????????????????????????# #????# " " " " | | ?????????????????????????????# #????# | | ???????????????###k############## ############+#+# | | ???????????????# % %Ru % # | | ???????????????# @ % % # | | ???????????????# % # | | ???????######### # | | ??????? # | | ##????# A #######+########## # | | ###### k # ? ????????# # | | ^ ^^ ! + """?"""????????# # | | ^ ^^ ############# "R """????????# # | | ^ #?# "T" # """ """ ???????# # | | ^ """ #?# # "" ???????# + | | """ #?# # ???????????# # | | ^ ^""" #?# %#####???########## # | | ^ #?#######+#### #????# %# # | | ^ """ ####### ## #????# # | | """ ## ##???# # | | ##### """ #### " ## ???# # | | T#??# #??# #####???# ! + | | #??# #??# #???????# # | | ##??# #### #??### ###???????# # | | #???# #??# #????# #?????????# ! # | | #???### ##??# #????# #?????????# # | | ####### #???# #????# #?????????#####+#### | | ! ## #???# #????# #?????????????# #??# | | ## #####+##+###### #?????????????# #??# | | """ ## ## # #?????????????# #??? % | +----------------------------------------------------+ Best States ------------- Heat Dissipation 78 Energy Generation 41 Energy Capacity 530 Matter Stores 300 Matter Capacity 300 Sight Range 16 Robot Scan Range 16 Terrain Scan Range 16 Terrain Scan Density 10 Cloak Strength 3 Power Amplification 20 Additional Mass Support 9 EM Shielding 2 Armor Coverage 600 Resistance: KI 35 Resistance: TH 35 Resistance: EX 35 Resistance: EM 35 Resistance: I 35 Resistance: S 35 Resistance: P 35 Evasion (%) 70 Offensive Hacking 41 Defensive Hacking 14 Item Schematics ----------------- Coil Gun | -8/Recycling | Hacked Thermic Laser | -8/Recycling | Hacked Imp. Cryofiber Web | -6/Factory | Hacked Combat Drone Bay | -6/Data Miner | Free Lgt. Regenerative Plating | -6/Data Miner | Free Cld. Nuclear Pulse Thruster | -6/Data Miner | Free Imp. Matter Compressor | -6/Data Miner | Free Neutron Cannon | -6/Data Miner | Free Hvy. Siege Treads | -6/Data Miner | Free Adv. Actuator Array | -6/Data Miner | Free Hvy. Disruptor Cannon | -6/Data Miner | Free Quantum Rifle | -6/Data Miner | Free Adv. Remote Datajack | -5/Factory | Hacked Adv. Drone Bay | -5/Factory | Scanalyzed Robot Schematics ------------------ X-72 Disruptor | -6/Data Miner | Free B-60 Warrior | -6/Data Miner | Free L-41 Fighter | -6/Data Miner | Free G-67 Veteran | -6/Data Miner | Free Fabricated ------------ Adv. Datajack | x2 | -6/Factory | Preloaded Adv. System Shield | x1 | -5/Factory | Preloaded Linear Accelerator | x2 | -5/Factory | Preloaded X-72 Disruptor | x2 | -5/Factory Repaired ---------- Nothing Studied --------- Thunder Leg | -5/Factory | Hacked Alien Tech Used ----------------- None Achievements -------------- None Challenges ------------ None Game ------ Seed ContainmentExpertExoskeleton Manual? 0 Play Time 01:30:22 Cumulative 188.9 hours Start 2025.12.10 @ 17:24:17 End 2025.12.10 @ 18:57:58 Sessions 1 Manual Loads 0 Difficulty Explorer Special Mode None Game No. 269 Rogue 0 Adventurer 0 Explorer 269 Win Type - Total 0 Types 0/0/0/0/0/0/0/0/0/0 Lore% 71 Gallery% 67 Achievement% 53 Wizard Run 0 Options --------- Layout 1 ASCII 0 Keyboard 0 Movement Mouse Keybinds 0 Fullscreen 1 Font 24/Smallcaps Map View 50x35 Zoom Use 0% Tactical HUD 1 Map Filters NONE Filters NONE Steam 1 RUN: 671d89ae-db31-44f1-8c27-313b3ac42ac8